cohdb
Replays
Latest Replays
All Replays
Popular Replays
Top Player Replays
Match Explorer
How It Works
Community
CoH3 Stats
Reddit
Sign in to upload your games and track your stats! →
Sign in with Steam
Match 38720102
Unlisted
Match 38720102
Overview
Messages
Build Orders
End
Selects Special Operations Battlegroup
Engineer Squad
Construct Barracks
Riflemen Squad
Riflemen Squad
Construct Weapon Support Center
Mechanized Support Center
Selects M29 Weasel with M1 Pack Howitzer
M29 Weasel with M1 Pack Howitzer
Engineer Squad
M3 75 mm Gun Motor Carriage
.30 cal Machine Gun
Rorschach
BubuBeer
sharpshooter
yarang
0
0
Comments
sign in to comment!
No comments posted yet!